 Dungeon Crawl Stone Soup version 0.31-a0-1626-g5cb510d322 (webtiles) character file.

Game seed: 15265408171032722399

601792 Drazool the Sorcerer (level 27, -31/296 HPs)
             Began as a Djinni Earth Elementalist on Jan 12, 2024.
             Was the Champion of Ashenzari.
             Killed from afar by an ancient lich (48 damage)
             ... with a crystal spear
             ... on level 5 of the Realm of Zot on Jan 13, 2024.
             The game lasted 05:48:24 (52184 turns).

Drazool the Sorcerer (Djinni Earth Elementalist)   Turns: 52184, Time: 05:48:24

Health: -31/296    AC: 33    Str:  7    XL:     27
Gold:   6880       EV: 18    Int: 40    God:    Ashenzari [******] SH:  9 Dex: 17

rFire   + + +        X - +8 broad axe "Cosmic Repose" {freeze, Self, Dev} (curse)
rCold   . . .        c - +2 buckler of the Elysian Augur {rF+, Melee, Cun} (curse)
rNeg    + . .        Q - melded +1 troll leather armour of the Prophetic Sorrow {Regen+, Melee, Sorc} (curse)
rPois   ∞            k - +0 hat "Behold Eternity" {Sorc, Comp} (curse)
rElec   +            U - scarf of the Enlightened Sky {rC+ rF+, Sorc, Cun} (curse)
rCorr   .            O - melded +2 pair of gloves "Soothsayer of Ashenzari" {Str+3, Comp, Fort} (curse)
SInv    +            (boots unavailable)
Will    ++...        b - amulet "Tethered Frustration" {Regen+, Self, Fort} (curse)
Stlth   +++          I - ring of the Unyielding Gaze {Int+6, Comp, Fort} (curse)
HPRegen 1.49/turn    K - ring "Gaze Upon Infinity" {Int+6, Elem, Melee} (curse)
MPRegen 0.00/turn

%: clarity, infuse magic (-32 HP)
@: about to teleport, statue-form, flying, studying 2 skills, unable to drink,
very slow
A: slow and powerful, torment resistance 1, flying, boosted hp, sickness
immunity, fire resistance 2, cold vulnerability 1, float, innate caster, HP
casting, extra vitality 1, screaming 1, inability to drink after injury 1
}: 3/15 runes: decaying, silver, gossamer
a: Begin Untransformation, Renounce Religion, Shatter the Chains


You were on level 5 of the Realm of Zot.
You worshipped Ashenzari.
Ashenzari was exalted by your worship.
You were a living statue of rough stone.
You visited 11 branches of the dungeon, and saw 50 of its levels.
You visited the Abyss 1 time.
You also visited: Bailey.

You collected 7657 gold pieces.
You spent 777 gold pieces at shops.


Innate Abilities, Weirdness & Mutations

You are a living statue of rough stone.
Your actions are slow, but your melee attacks are powerful.
You are resistant to unholy torment.
You are flying.
Your maximum health is greatly increased.
Your equipment is partially melded.
You are immune to sickness and miasma.
You are immune to poison.
Your flesh is very heat resistant. (rF++)
You are vulnerable to cold. (rC-)
You float through the air rather than walking.
You learn spells naturally, not from books.
Your magical power is your life essence.
You have superior vitality. (+4 MHP)
You occasionally shout uncontrollably at your foes.
You occasionally lose the ability to drink potions when taking damage.


   Skills:
 - Level 23.8(27) Fighting
 - Level 14.4(18.0) Axes
 - Level 9.3(12.9) Armour
 - Level 7.0(10.6) Dodging
 - Level 3.0(6.0) Stealth
 - Level 5.8(9.4) Shields
 - Level 23.8(27) Spellcasting
 - Level 23.8(27) Conjurations
 - Level 23.8 Hexes
 - Level 23.8(27) Summonings
 - Level 23.8(27) Necromancy
 - Level 23.8 Translocations
 - Level 23.8(25.9) Fire Magic
 - Level 23.8(25.9) Ice Magic
 - Level 23.8(25.9) Air Magic
 - Level 23.8(25.9) Earth Magic
 - Level 23.8(27) Alchemy
 - Level 7.4(10.0) Evocations
 + Level 19.2(21.4) Shapeshifting


You knew the following spells:

 Your Spells              Type           Power      Damage    Failure   Level
a - Passwall              Erth           100%       N/A       0%          3
b - Eringya's Noxious Bo  Alch           66%        4d6       0%          6
c - Call Imp              Summ           100%       N/A       0%          2
d - Animate Dead          Necr           100%       N/A       0%          4
e - Fire Storm            Conj/Fire      66%        8d17      1%          9
f - Inner Flame           Hex/Fire       100%       N/A       0%          3
i - Disjunction           Tloc           64%        N/A       1%          8
l - Maxwell's Capacitive  Air            65%        ∞         1%          8
m - Magic Dart            Conj           100%       1d8       0%          1
n - Orb of Destruction    Conj           66%        9d16      0%          7
p - Petrify               Alch/Erth      100%       N/A       0%          4
s - Monstrous Menagerie   Summ           66%        N/A       0%          7
t - Summon Forest         Summ/Tloc      65%        N/A       0%          5
w - Stone Arrow           Conj/Erth      100%       3d13      0%          3
z - Sandblast             Erth           100%       2d20      0%          1
X - Brom's Barrelling Bo  Conj/Erth      100%       2d11      0%          4
Y - Ignite Poison         Fire/Alch      100%       N/A       0%          4
Z - Conjure Ball Lightni  Conj/Air       66%        3x3d25    0%          6
Your spell library was empty.

Inventory:

Hand Weapons
 X - the cursed +8 broad axe "Cosmic Repose" (weapon) {freeze, Self, Dev}
   (You took it off a death knight on level 2 of the Vaults)

   It has a curse which improves the following skills: Introspection: Fighting
   and Spellcasting.
   Devices:   Evocations and Shapeshifting.
Missiles
 p - 4 throwing nets {=f}
Armour
 c - the cursed +2 buckler of the Elysian Augur (worn) {rF+, Melee, Cun}
   (You took it off a tengu reaver on level 2 of the Depths)

   It has a curse which improves the following skills: Melee Combat: Short
   Blades, Long Blades, Axes, Maces & Flails, Polearms, Staves and Unarmed
   Combat.
   Cunning:   Dodging and Stealth.
 k - the cursed +0 hat "Behold Eternity" (worn) {Sorc, Comp}
   (You found it on level 13 of the Dungeon)

   It has a curse which improves the following skills: Sorcery: Conjurations and
   Alchemy.
   Companions: Summonings and Necromancy.
 O - the cursed +2 pair of gloves "Soothsayer of Ashenzari" (melded) {Str+3, Comp, Fort}
   (You found it on level 4 of the Lair of Beasts)

   It has a curse which improves the following skills: Companions: Summonings
   and Necromancy.
   Fortitude: Armour and Shields.
 Q - the cursed +1 troll leather armour of the Prophetic Sorrow (melded) {Regen+, Melee, Sorc}
   (You found it on level 11 of the Dungeon)

   Regen+:    It increases your rate of health regeneration.
   It has a curse which improves the following skills: Melee Combat: Short
   Blades, Long Blades, Axes, Maces & Flails, Polearms, Staves and Unarmed
   Combat.
   Sorcery:   Conjurations and Alchemy.
 U - the cursed scarf of the Enlightened Sky (worn) {rC+ rF+, Sorc, Cun}
   (You found it on level 4 of the Spider Nest)

   It has a curse which improves the following skills: Sorcery: Conjurations and
   Alchemy.
   Cunning:   Dodging and Stealth.
Magical Staves
 w - a staff of conjuration {!a}
 P - a staff of alchemy {!a}
 W - the staff "Luxzea" {rC+ Int+3 Ice, !a}
   (You took it off a deep elf death mage on level 3 of the Elven Halls)

   [staff of cold]

   Base accuracy: +5 Base damage: 5 Base attack delay: 1.2 This weapon's minimum
   attack delay (0.6) is reached at skill level 12.
   Int+3:     It affects your intelligence (+3).
   rC+:       It protects you from cold.
   Ice:       It increases the power of your Ice spells.
   It falls into the 'Staves' category.
   It is a one-handed weapon.
Jewellery
 b - the cursed amulet "Tethered Frustration" (around neck) {Regen+, Self, Fort}
   (You found it on level 1 of the Dungeon)

   [amulet of regeneration]

   Regen+:    It increases your rate of health regeneration.
   It has a curse which improves the following skills: Introspection: Fighting
   and Spellcasting.
   Fortitude: Armour and Shields.
 I - the cursed ring of the Unyielding Gaze (left fist) {Int+6, Comp, Fort}
   (You found it on level 4 of the Lair of Beasts)

   [ring of intelligence]

   Int+6:     It affects your intelligence (+6).
   It has a curse which improves the following skills: Companions: Summonings
   and Necromancy.
   Fortitude: Armour and Shields.
 K - the cursed ring "Gaze Upon Infinity" (right fist) {Int+6, Elem, Melee}
   (You found it on level 7 of the Dungeon)

   [ring of intelligence]

   Int+6:     It affects your intelligence (+6).
   It has a curse which improves the following skills: Elements: Fire Magic, Ice
   Magic, Air Magic and Earth Magic.
   Melee Combat: Short Blades, Long Blades, Axes, Maces & Flails, Polearms,
   Staves and Unarmed Combat.
 N - a ring of positive energy
 R - the amulet "Peatuc" {Reflect Harm ^Drain Regen+ SH+5}
   (You took it off a deep elf demonologist on level 3 of the Elven Halls)

   [amulet of reflection]

   Reflect:   It reflects blocked missile attacks.
   Regen+:    It increases your rate of health regeneration.
   ^Drain:    It drains your maximum health when unequipped.
   SH+5:      It affects your SH (+5).
   Harm:      It increases damage dealt and taken.
 S - a +6 ring of strength
Talismans
 r - a granite talisman (active)
Wands
 a - a wand of roots (46)
 m - a wand of charming (39)
 n - a wand of digging (16)
 o - a wand of flame (35)
 u - a wand of polymorph (20)
 x - a wand of mindburst (82)
 H - a wand of acid (16)
Scrolls
 g - 7 scrolls of teleportation {@r2}
 h - 13 scrolls of poison
 j - 4 scrolls of enchant weapon
 l - 9 scrolls of enchant armour
 q - 2 scrolls of revelation
 t - 2 scrolls of butterflies
 y - 6 scrolls of fear
 A - 6 scrolls of fog
 B - 5 scrolls of vulnerability
 C - 6 scrolls of immolation
 L - 3 scrolls of brand weapon
Potions
 e - 9 potions of might
 f - 11 potions of lignification
 s - 2 potions of heal wounds {@q2}
 v - 24 potions of curing {@q1}
 z - 7 potions of haste {@q3}
 D - 9 potions of resistance
 E - 4 potions of invisibility
 F - 7 potions of brilliance
 J - 4 potions of mutation
 M - 3 potions of enlightenment
 V - 4 potions of ambrosia
Miscellaneous
 d - a condenser vane
 G - a phantom mirror
 T - a phial of floods
 Y - a lightning rod (4/4)
 Z - a box of beasts

Dungeon Overview and Level Annotations

Branches:
Dungeon (15/15)            Temple (1/1) D:5            Lair (4/5) D:9
  Swamp (4/4) Lair:3       Spider (4/4) Lair:3        Slime (0/5) Lair:4
    Orc (2/2) D:11            Elf (3/3) Orc:2        Vaults (5/5) D:13
  Crypt (3/3) Vaults:2       Tomb (0/3) Crypt:3      Depths (4/4) D:15
    Zot (5/5) Depths:4     Bailey (visited)

Altars:
Ashenzari
Cheibriados
Dithmenos
Elyvilon
Fedhas
Gozag
Hepliaklqana
Makhleb
Nemelex Xobeh
Okawaru
Qazlal
Ru
Trog
Uskayaw
Wu Jian
Xom
Yredelemnul
Zin
The Shining One
Jiyva
Lugonu

Shops:
D:2 !   D:5 [   D:7 :   D:9 [   D:12 !   Orc:2 ??**   Elf:2 (   Vaults:4 *
Depths:2 :*   Depths:4 :==?

Portals:
Hell: Depths:1 Depths:2 Depths:3 Depths:4
Abyss: Depths:3 Depths:4
Pandemonium: Depths:2
Ziggurat: Depths:2
Trove: Depths:2 (show slimy rune of Zot)

Annotations:
Lair:4 2 exclusions
Elf:2 3 runed translucent doors
Crypt:2 11 runed translucent doors, Goociwk's ghost, adept GrFi
Depths:3 1 exclusion ███████████████

***█.............█***
***,,.........X.....,,**
**,,,,..........L....,,,** **
*,,,,,....X.§......q.,,,,*
,***,,,^,..X.L§X8§.).d..,,,,*
,,**,,,,,.....X.........,,,**
,,,*^,,,,......§X§.§....,,**
,,,,,,,,,....X...........██
,,,*,,,,,.......X.pL......██
,^**,,,,,..X.d.............██
,***,{,,,..X....X.........^)█
** *,,,,,.............[..^..█
**,,,,,,,,..............█*


You could see a Killer Klown, a black draconian knight (fast, invisible), 2
ancient liches, a dread lich (invisible), a purple draconian (catching breath),
a white draconian and 11 Orb Guardians.


Message History

The ancient lich mumbles some strange words.
The ancient lich seems to speed up.
The dread lich gestures at you while chanting.
You suddenly lose the ability to move!
The Orb Guardian blinks!
The white draconian blinks!
The ancient lich blinks!
The Orb Guardian blinks!
The Killer Klown pies you viciously! The klown pie hits you!!
Lemon!
You feel unable to drink.
* * * LOW HITPOINT WARNING * * *
The ancient lich casts a spell at you. You resist with some effort.
The Orb Guardian blinks!
The ancient lich blinks!
The black draconian knight blinks!
The Orb Guardian blinks!
The purple draconian breathes dispelling energy at you.
The bolt of dispelling energy hits you!
You feel strangely stable.
Your magical effects are unravelling.
* * * LOW HITPOINT WARNING * * *
You can move again.
As you read the scroll of teleportation {@r2}, it crumbles to dust.
You feel strangely unstable.
You feel the Orb delaying your translocation!
The Orb Guardian blinks! x5
The translocation energy dissipates.
The black draconian knight breathes lightning at you.
The bolt of lightning misses you.
The Orb Guardian fails to trigger a net trap.
The ancient lich casts a spell at you. The crystal spear hits you!!!
You die...

Skill      XL: |  1  2  3  4  5  6  7  8  9 10 11 12 13 14 15 16 17 18 19 20 21 22 23 24 25 26 27 |
---------------+----------------------------------------------------------------------------------+-----
Spellcasting   | 4 5 6 8 11 12 13 15 17 19 20 21 22 23 | 23.8
Conjurations   | 4 5 6 8 11 12 13 15 17 19 20 21 22 23 | 23.8
Hexes          | 4 5 6 8 11 12 13 15 17 19 20 21 22 23 | 23.8
Summonings     | 4 5 6 8 11 12 13 15 17 19 20 21 22 23 | 23.8
Necromancy     | 4 5 6 8 11 12 13 15 17 19 20 21 22 23 | 23.8
Translocations | 4 5 6 8 11 12 13 15 17 19 20 21 22 23 | 23.8
Fire Magic     | 4 5 6 8 11 12 13 15 17 19 20 21 22 23 | 23.8
Ice Magic      | 4 5 6 8 11 12 13 15 17 19 20 21 22 23 | 23.8
Air Magic      | 4 5 6 8 11 12 13 15 17 19 20 21 22 23 | 23.8
Earth Magic    | 4 5 6 8 11 12 13 15 17 19 20 21 22 23 | 23.8
Alchemy        | 4 5 6 8 11 12 13 15 17 19 20 21 22 23 | 23.8
Shields        | 1 2 3 5 |  5.8
Fighting       | 4 6 7 8 11 12 13 15 16 18 19 23 | 23.8
Dodging        | 5 6 7 |  7.0
Axes           | 3 7 11 14 | 14.4
Armour         | 2 3 6 7 8 9 |  9.3
Evocations     | 4 6 7 |  7.4
Stealth        | 2 3 |  3.0
Shapeshifting  | 4 7 11 13 16 19 | 19.2

Action                     |  1- 3 |  4- 6 |  7- 9 | 10-12 | 13-15 | 16-18 | 19-21 | 22-24 | 25-27 || total
---------------------------+-------+-------+-------+-------+-------+-------+-------+-------+-------++-------
  Melee: Broad axe         |       |       |       |       |     2 |    10 |    11 |    67 |    34 ||   124
   Cast: Sandblast         |    54 |    54 |       |     2 |       |       |     1 |       |     1 ||   112
         Stone Arrow       |     3 |    15 |    55 |   128 |   285 |   275 |   182 |    37 |     4 ||   984
         Magic Dart        |     3 |       |       |       |       |       |       |       |       ||     3
         Inner Flame       |       |       |    10 |     7 |    53 |    16 |     1 |       |       ||    87
         Petrify           |       |       |     2 |       |       |       |       |       |       ||     2
         Brom's Barrelling |       |       |    26 |    38 |   160 |    62 |    15 |       |       ||   301
         Animate Dead      |       |       |       |     4 |       |    12 |    15 |    13 |     2 ||    46
         Summon Forest     |       |       |       |       |    19 |    64 |    71 |    47 |    12 ||   213
         Call Imp          |       |       |       |       |       |     2 |       |     2 |       ||     4
         Conjure Ball Ligh |       |       |       |       |       |     1 |       |       |     1 ||     2
         Monstrous Menager |       |       |       |       |       |    75 |   159 |   124 |    17 ||   375
         Eringya's Noxious |       |       |       |       |       |       |    13 |       |     1 ||    14
         Ignite Poison     |       |       |       |       |       |       |     2 |       |     1 ||     3
         Orb of Destructio |       |       |       |       |       |       |    60 |   316 |    14 ||   390
         Disjunction       |       |       |       |       |       |       |       |    33 |    49 ||    82
         Maxwell's Capacit |       |       |       |       |       |       |       |       |   489 ||   489
         Fire Storm        |       |       |       |       |       |       |       |       |    79 ||    79
 Invoke: Curse Item        |       |       |     2 |     5 |     3 |     2 |     1 |     1 |     1 ||    15
         Shatter the Chain |       |       |       |       |     2 |     1 |     1 |     2 |       ||     6
  Evoke: Wand              |       |       |       |       |     5 |     5 |     5 |       |     2 ||    17
    Use: Scroll            |     1 |     2 |     2 |     1 |     1 |     1 |     9 |    14 |    13 ||    44
         Potion            |       |       |       |     2 |     1 |     2 |     6 |     3 |    11 ||    25
   Stab: Distracted        |       |       |       |       |       |     2 |     2 |     3 |       ||     7
         Sleeping          |       |       |       |       |       |       |       |     3 |     1 ||     4
         Paralysed         |       |       |       |       |       |       |       |       |     1 ||     1
 Armour: Robe              |    13 |     5 |     5 |    23 |    64 |       |       |       |       ||   110
         Troll leather arm |       |       |       |       |    20 |   112 |     4 |       |       ||   136
         Skin              |       |       |       |       |       |       |   357 |   235 |   468 ||  1060
  Dodge: Dodged            |    15 |    10 |     3 |    32 |    51 |    61 |   196 |   129 |   327 ||   824
  Block: Buckler           |       |       |       |    14 |    31 |    36 |    70 |    69 |   185 ||   405
   Form: Statue            |       |       |       |       |       |       |     1 |       |       ||     1

Levels and vault maps discovered:
D:1:      onia_arrival_handbag, layout_loops_ring,
          dreamdust_ecumenical_altar_drowned_temple
D:2:      layout_loops_cross, serial_shops, shop
D:3:      layout_basic, lemuel_round_altar, kennysheep_generic_room_8
D:4:      layout_basic, grunt_temple_overflow_open, serial_bayou_pond_d
D:5:      layout_basic, minmay_temple_entry_large_hall, nicolae_stop_n_shop_2,
          amcnicky_mini_corridor_feature
D:6:      layout_loops_ring, uniq_prince_ribbit1, uniq_edmund, uniq_maggie
D:7:      layout_layer_cave, tgw_trog, nicolae_overflow_crystal_walls,
          mainiacjoe_overflow_two_lobes, marbit_many_paths, serial_shops,
          nicolae_shop_tiny_glass, minmay_bent
D:8:      cheibrodos_quashed, layout_cave_pods,
          grunt_temple_overflow_order_and_chaos_1, serial_undead,
          serial_undead_b, serial_undead_e, serial_undead_b, serial_undead_b,
          minmay_ruined_shrine
D:9:      layout_basic, david_lair_shrubbed, serial_shops,
          nicolae_take_the_stairs, grunt_decor_cap
D:10:     layout_roguey, nicolae_ru_the_path_less_chosen, enter_bailey_2,
          uniq_nergalle
D:11:     layout_cave_pools, minmay_orc_entry_guard_dogs, uniq_psyche
D:12:     layout_rooms, serial_shops, nicolae_shop_rolling_square,
          nrook_loot_triangle, uniq_frances, uniq_erolcha
D:13:     layout_small_grid, david_vaults_1, grunt_ministairs_8, uniq_urug
D:14:     layout_cave_pools, serial_co_window_serial, co_window_paths_b,
          co_window_of_opportunity_a, co_window_paths_a, co_window_corner_a,
          co_window_corner_a, co_window_paths_a, co_window_unsneaky_path_a,
          co_window_broadway_c, co_window_broadway_c, glass_columns_a,
          glass_columns_a, glass_columns_a, glass_columns_a, glass_columns_a,
          minmay_misc_feat_doors, drop_trap, xom_teletrap_fun
D:15:     grunt_enter_depths_snipers, layout_irregular_city, minivault_19
Temple:   corrupted_temple
Lair:1:   layout_misc_corridors, grunt_megastairs_4, uniq_amaemon
Lair:2:   layout_gridlike, infiniplex_staircase_pool
Lair:3:   layout_regular_city, skrybe_swamp_entry_bodies,
          spider_nest_entry_funnel_web, basic_altar,
          dreamdust_mushroom_princess, uniq_fannar
Lair:4:   nzn_winding_woodlands_huge [nzn_winding_woodlands_5x15_sawtooth,
          nzn_winding_woodlands_5x15_garden,
          nzn_winding_woodlands_5x15_river_crossing,
          nzn_winding_woodlands_5x15_jagged, nzn_winding_woodlands_5x15_pockets,
          nzn_winding_woodlands_5x15_eye,
          nzn_winding_woodlands_5x15_split_checker,
          nzn_winding_woodlands_5x15_crooked,
          nzn_winding_woodlands_5x15_concentric,
          nzn_winding_woodlands_5x15_zeroes, nzn_winding_woodlands_center_lodge,
          nzn_winding_woodlands_center_triple_pond,
          nzn_winding_woodlands_15x15_boxy_spiral], layout_regular_city,
          slime_entry_1, uniq_nessos
Swamp:1:  layout_falls_marsh, nicolae_swamp_decorative_isthmus
Swamp:2:  layout_basic_swamp, evilmike_swamp_ruin_house_1, uniq_aizul
Swamp:3:  layout_falls_marsh, evilmike_swamp_ruin_house_3, swamp_pool_4,
          nicolae_swamp_triple_paths, uniq_louise, uniq_bai_suzhen, uniq_nikola
Swamp:4:  swamp_old_school, layout_basic_swamp
Spider:1: layout_spider_delve
Spider:2: layout_spider_delve, nicolae_crawler_farm
Spider:3: layout_spider_delve, hive_lemuel, uniq_roxanne
Spider:4: guppyfry_spider_rune, nicolae_spider_stair_cavern
Orc:1:    layout_caves, uniq_harold
Orc:2:    st_orc_elflike, layout_diamond_mine, basic_altar,
          nicolae_orc_tapped_out
Elf:1:    elf_arrival_001, layout_loops_corners,
          portal_desolation_entry_nicolae_forbidding_blocks, uniq_zenata
Elf:2:    nicolae_elf_blades_splatter_lattice
          [nicolae_blade_entry_crossed_weapons], layout_geoelf_grid,
          serial_shops, shop
Elf:3:    minmay_elf_hall_not_hex, layout_onion_city
Vaults:1: nicolae_vaults_shipping_containers_7,
          nicolae_vaults_closet_pinwheel_3, nicolae_vaults_trapezoid_lopsided_4,
          nicolae_vaults_wrenched, nicolae_vaults_diamond_2,
          nicolae_vaults_big_ls, v_misc_13, nicolae_vaults_tetromino_T_1,
          nicolae_vaults_two_Ls, layout_vaults_omnibox, uniq_saint_roka,
          uniq_donald
Vaults:2: minmay_crypt_entry_simple_round, nicolae_vaults_ninety_degrees,
          nicolae_vaults_weapon_check, nicolae_vaults_storage_room_statues,
          v_misc_31, nicolae_vaults_wine_cellar,
          nicolae_vaults_offset_grid_hallway_2, nicolae_vaults_diamond_1,
          layout_vaults_quadrants
Vaults:3: vaults_dpeg_hooks, nicolae_vaults_ellipses_ellipsis,
          hangedman_vaults_stitches, grunt_vaults_bifocal,
          vaults_mumra_minichess_inversion, nicolae_vaults_trapezoid_4,
          nicolae_vaults_tetromino_L_1, v_rooms_4, nicolae_vaults_angled_halls,
          hangedman_vaults_capsules, nicolae_vaults_trapezoid_lopsided_4,
          v_alt_pattern_1, nicolae_vaults_tetromino_L_1, serial_ice_m,
          hangedman_vaults_trim, vaults_room_hallway, layout_vaults_ring,
          uniq_mara, uniq_sojobo
Vaults:4: tekkud_shop_of_orbs, hangedman_vaults_impose, ontoclasm_vaults_tryst,
          vaults_standard_mumra_x, nicolae_vaults_house_3,
          vaults_mumra_minichess, nicolae_vaults_closet_pinwheel_2,
          nicolae_vaults_closet_pinwheel_3, layout_vaults_big_room
Vaults:5
Crypt:1:  dreamdust_cat_pyramid, layout_gridlike, grunt_ministairs_14,
          uniq_xtahua
Crypt:2:  cheibrodos_crypt_3hun_7po, layout_gridlike,
          ebering_ghost_disaster_area, grunt_megastairs_1
Crypt:3:  due_elkab, layout_chaotic_city, tomb_entry_forgotten_bobbens,
          uniq_grunn
Depths:1: layout_cave_pools, grunt_hell_entry_dis_grunt,
          nicolae_gozag_conspicuous_consumption
Depths:2: minmay_quantized_circle, layout_cave_pools, enter_ziggurat_a,
          special_room [special_room_magic_class], lemuel_tele_altar, pan_entry,
          hell_entry, nicolae_trove_entry_free_sample, minmay_misc_feat_room,
          minmay_shoptagon
Depths:3: minmay_sliced_demisemicircle, layout_basic, lightli_too_deep,
          abyss_entry, chequers_jeans, serial_library_hellmonk_open_square,
          hangedman_cracks_in_the_wall, minmay_staircase_bubble, uniq_parghit,
          uniq_josephina
Depths:4: grunt_zot_entry_alcove, layout_cave_pools, dreamdust_wishing_well,
          abyss_entry_crystal, hell_entry, nicolae_nh_oracle_at_delphi,
          serial_bayou_shore_b, minmay_shop_grove, uniq_margery,
          uniq_enchantress
Zot:1:    lemuel_acid_trip, layout_onion, st_stairs_1,
          hangedman_zot_decor_checkerboard, hangedman_elemental_corridor
Zot:2:    grunt_deathspiral_small, layout_onion_interference
Zot:3:    layout_cathedral_of_symmetry, regret_index_zotdec_onion_hex
Zot:4:    layout_misc_corridors, nicolae_rock_paper_scissors,
          regret_index_zotdec_twisting_globes
Zot:5:    layout_misc_corridors

Notes
Turn   | Place    | Note
-------+----------+-------------------------------------------
     0 | D:1      | Drazool the Djinni Earth Elementalist began the quest for
                  | the Orb.
     0 | D:1      | Drazool set off with the following spells memorised:
                  | Sandblast, Passwall, Stone Arrow, Petrify, Brom's
                  | Barrelling Boulder.
     0 | D:1      | Reached XP level 1. HP: 15/15 MP: 0/0
    79 | D:1      | Reached XP level 2. HP: 21/21 MP: 0/0
   309 | D:1      | Found a faded altar of an unknown god.
   331 | D:1      | Reached XP level 3. HP: 25/25 MP: 0/0
   331 | D:1      | Learned a level 1 spell: Magic Dart
   712 | D:2      | Reached skill level 4 in Spellcasting
   712 | D:2      | Reached skill level 4 in Conjurations
   712 | D:2      | Reached skill level 4 in Hexes
   712 | D:2      | Reached skill level 4 in Summonings
   712 | D:2      | Reached skill level 4 in Necromancy
   712 | D:2      | Reached skill level 4 in Translocations
   712 | D:2      | Reached skill level 4 in Fire Magic
   712 | D:2      | Reached skill level 4 in Ice Magic
   712 | D:2      | Reached skill level 4 in Air Magic
   712 | D:2      | Reached skill level 4 in Earth Magic
   712 | D:2      | Reached skill level 4 in Alchemy
   723 | D:1      | HP: 1/25 [gnoll/+0 spear (7)]
   825 | D:2      | Reached XP level 4. HP: 31/31 MP: 0/0
  1000 | D:2      | Found Bacvofae's Distillery.
  1170 | D:2      | Reached XP level 5. HP: 35/35 MP: 0/0
  1170 | D:2      | Learned a level 2 spell: Call Imp
  1582 | D:3      | Found a burning altar of Makhleb.
  2662 | D:4      | Reached skill level 5 in Spellcasting
  2662 | D:4      | Reached skill level 5 in Conjurations
  2662 | D:4      | Reached skill level 5 in Hexes
  2662 | D:4      | Reached skill level 5 in Summonings
  2662 | D:4      | Reached skill level 5 in Necromancy
  2662 | D:4      | Reached skill level 5 in Translocations
  2662 | D:4      | Reached skill level 5 in Fire Magic
  2662 | D:4      | Reached skill level 5 in Ice Magic
  2662 | D:4      | Reached skill level 5 in Air Magic
  2662 | D:4      | Reached skill level 5 in Earth Magic
  2662 | D:4      | Reached skill level 5 in Alchemy
  2685 | D:4      | Reached skill level 1 in Shields
  2702 | D:4      | Reached XP level 6. HP: 34/40 MP: 0/0
  2839 | D:4      | Reached skill level 2 in Shields
  2865 | D:4      | Reached XP level 7. HP: 40/45 MP: 0/0
  2865 | D:4      | Learned a level 3 spell: Inner Flame
  2885 | D:4      | Reached skill level 6 in Spellcasting
  2885 | D:4      | Reached skill level 6 in Conjurations
  2885 | D:4      | Reached skill level 6 in Hexes
  2885 | D:4      | Reached skill level 6 in Summonings
  2885 | D:4      | Reached skill level 6 in Necromancy
  2885 | D:4      | Reached skill level 6 in Translocations
  2885 | D:4      | Reached skill level 6 in Fire Magic
  2885 | D:4      | Reached skill level 6 in Ice Magic
  2885 | D:4      | Reached skill level 6 in Air Magic
  2885 | D:4      | Reached skill level 6 in Earth Magic
  2885 | D:4      | Reached skill level 6 in Alchemy
  2886 | D:4      | Reached skill level 3 in Shields
  3098 | D:4      | Found an ornate altar of the Wu Jian Council.
  3100 | D:4      | Found a snail-covered altar of Cheibriados.
  3102 | D:4      | Found an iron altar of Okawaru.
  3102 | D:4      | Found a white marble altar of Elyvilon.
  3238 | D:4      | Noticed a yak
  3238 | D:4      | Noticed a yak
  3238 | D:4      | Noticed a yak
  3480 | D:4      | Killed a yak
  3480 | D:4      | Killed a yak
  3481 | D:4      | Reached skill level 4 in Fighting
  3481 | D:4      | Reached XP level 8. HP: 49/58 MP: 0/0
  3602 | D:4      | Killed a yak
  3603 | D:4      | Reached skill level 5 in Fighting
  3726 | D:5      | Entered Level 5 of the Dungeon
  3726 | D:5      | Found Paokhoak's Armour Emporium.
  3736 | D:5      | Bought a +0 pair of gloves for 54 gold pieces
  3837 | D:5      | Found a staircase to the Ecumenical Temple.
  3850 | Temple   | Entered the Ecumenical Temple
  3866 | Temple   | Became a worshipper of Ashenzari the Shackled
  3968 | D:5      | Reached skill level 6 in Fighting
  4147 | D:5      | Reached XP level 9. HP: 61/67 MP: 0/0
  4147 | D:5      | Learned a level 4 spell: Ignite Poison
  4258 | D:6      | Reached skill level 7 in Fighting
  4296 | D:6      | Noticed Prince Ribbit
  4300 | D:6      | Killed Prince Ribbit
  4301 | D:6      | Reached skill level 3 in Dodging
  4301 | D:6      | Reached skill level 4 in Shields
  4347 | D:6      | Noticed Maggie
  4364 | D:6      | Killed Maggie
  4365 | D:6      | Reached skill level 4 in Dodging
  4384 | D:6      | Reached skill level 5 in Shields
  4490 | D:6      | Reached skill level 5 in Dodging
  4723 | D:6      | Noticed Edmund
  4742 | D:6      | Killed Edmund
  4781 | D:6      | Reached * piety under Ashenzari
  4839 | D:6      | Reached XP level 10. HP: 71/77 MP: 0/0
  5107 | D:7      | Noticed a moth of wrath
  5117 | D:7      | Found a bloodstained altar of Trog.
  5174 | D:7      | Found Atuutie's Book Boutique.
  5217 | D:7      | Reached skill level 7 in Spellcasting
  5217 | D:7      | Reached skill level 7 in Conjurations
  5217 | D:7      | Reached skill level 7 in Hexes
  5217 | D:7      | Reached skill level 7 in Summonings
  5217 | D:7      | Reached skill level 7 in Necromancy
  5217 | D:7      | Reached skill level 7 in Translocations
  5217 | D:7      | Reached skill level 7 in Fire Magic
  5217 | D:7      | Reached skill level 7 in Ice Magic
  5217 | D:7      | Reached skill level 7 in Air Magic
  5217 | D:7      | Reached skill level 7 in Earth Magic
  5217 | D:7      | Reached skill level 7 in Alchemy
  5263 | D:7      | Reached ** piety under Ashenzari
  5533 | D:7      | Found a sparkling altar of Nemelex Xobeh.
  5565 | D:7      | Found a blossoming altar of Fedhas.
  5598 | D:7      | Found a hide-covered altar of Uskayaw.
  5607 | D:7      | Reached *** piety under Ashenzari
  6235 | D:7      | Reached skill level 8 in Spellcasting
  6235 | D:7      | Reached skill level 8 in Conjurations
  6235 | D:7      | Reached skill level 8 in Hexes
  6235 | D:7      | Reached skill level 8 in Summonings
  6235 | D:7      | Reached skill level 8 in Necromancy
  6235 | D:7      | Reached skill level 8 in Translocations
  6235 | D:7      | Reached skill level 8 in Fire Magic
  6235 | D:7      | Reached skill level 8 in Ice Magic
  6235 | D:7      | Reached skill level 8 in Air Magic
  6235 | D:7      | Reached skill level 8 in Earth Magic
  6235 | D:7      | Reached skill level 8 in Alchemy
  6354 | D:8      | Reached skill level 1 in Axes
  6425 | D:8      | Found a broken altar of Ashenzari.
  6436 | D:8      | Reached skill level 2 in Axes
  6507 | D:8      | Found a glowing silver altar of Zin.
  6507 | D:8      | Noticed an angel
  6513 | D:8      | Found a shimmering altar of Xom.
  6591 | D:8      | Killed an angel
  6623 | D:8      | Noticed a two-headed ogre
  6648 | D:8      | Killed a two-headed ogre
  6649 | D:8      | Reached skill level 3 in Axes
  6849 | D:8      | Reached **** piety under Ashenzari
  7012 | D:8      | Reached XP level 11. HP: 55/87 MP: 0/0
  7012 | D:8      | Learned a level 4 spell: Animate Dead
  7185 | D:9      | Noticed a two-headed ogre
  7190 | D:9      | Killed a two-headed ogre
  7191 | D:9      | Reached skill level 9 in Spellcasting
  7191 | D:9      | Reached skill level 9 in Conjurations
  7191 | D:9      | Reached skill level 9 in Hexes
  7191 | D:9      | Reached skill level 9 in Summonings
  7191 | D:9      | Reached skill level 9 in Necromancy
  7191 | D:9      | Reached skill level 9 in Translocations
  7191 | D:9      | Reached skill level 9 in Fire Magic
  7191 | D:9      | Reached skill level 9 in Ice Magic
  7191 | D:9      | Reached skill level 9 in Air Magic
  7191 | D:9      | Reached skill level 9 in Earth Magic
  7191 | D:9      | Reached skill level 9 in Alchemy
  7294 | D:9      | Reached ***** piety under Ashenzari
  7322 | D:9      | Reached skill level 6 in Dodging
  7465 | D:9      | Found Dufecwao's Armour Emporium.
  7787 | D:9      | Found a staircase to the Lair.
  7927 | D:10     | Entered Level 10 of the Dungeon
  7961 | D:10     | Found a flagged portal.
  7968 | Bailey   | Entered a bailey
  8006 | Bailey   | Reached skill level 8 in Fighting
  8155 | Bailey   | Identified 2 potions of experience
  8203 | Bailey   | Reached skill level 11 in Spellcasting
  8203 | Bailey   | Reached skill level 11 in Conjurations
  8203 | Bailey   | Reached skill level 11 in Hexes
  8203 | Bailey   | Reached skill level 11 in Summonings
  8203 | Bailey   | Reached skill level 11 in Necromancy
  8203 | Bailey   | Reached skill level 11 in Translocations
  8203 | Bailey   | Reached skill level 11 in Fire Magic
  8203 | Bailey   | Reached skill level 11 in Ice Magic
  8203 | Bailey   | Reached skill level 11 in Air Magic
  8203 | Bailey   | Reached skill level 11 in Earth Magic
  8203 | Bailey   | Reached skill level 11 in Alchemy
  8203 | Bailey   | Reached XP level 12. HP: 96/96 MP: 0/0
  8204 | Bailey   | Reached skill level 7 in Axes
  8204 | Bailey   | Reached XP level 13. HP: 102/102 MP: 0/0
  8204 | Bailey   | Learned a level 5 spell: Summon Forest
  8378 | D:10     | Identified a potion of resistance
  8645 | D:10     | Found a sacrificial altar of Ru.
  8645 | D:10     | Noticed Nergalle
  8654 | D:10     | Killed Nergalle
  8655 | D:10     | Reached skill level 12 in Spellcasting
  8655 | D:10     | Reached skill level 12 in Conjurations
  8655 | D:10     | Reached skill level 12 in Hexes
  8655 | D:10     | Reached skill level 12 in Summonings
  8655 | D:10     | Reached skill level 12 in Necromancy
  8655 | D:10     | Reached skill level 12 in Translocations
  8655 | D:10     | Reached skill level 12 in Fire Magic
  8655 | D:10     | Reached skill level 12 in Ice Magic
  8655 | D:10     | Reached skill level 12 in Air Magic
  8655 | D:10     | Reached skill level 12 in Earth Magic
  8655 | D:10     | Reached skill level 12 in Alchemy
  8831 | D:10     | Reached skill level 9 in Fighting
  9120 | Lair:1   | Entered Level 1 of the Lair of Beasts
  9206 | Lair:1   | Reached skill level 10 in Fighting
  9215 | Lair:1   | Noticed Amaemon
  9227 | Lair:1   | Killed Amaemon
  9357 | Lair:1   | Reached skill level 11 in Fighting
  9360 | Lair:1   | Reached skill level 1 in Armour
  9364 | Lair:1   | Reached skill level 2 in Armour
  9364 | Lair:1   | Reached XP level 14. HP: 100/116 MP: 0/0
  9693 | Lair:2   | Reached skill level 3 in Armour
  9878 | Lair:2   | Reached skill level 2 in Evocations
 10007 | Lair:2   | Reached skill level 3 in Evocations
 10058 | Lair:1   | Reached skill level 4 in Evocations
 10257 | Lair:2   | Reached skill level 2 in Stealth
 10759 | Lair:3   | Found a stormy altar of Qazlal.
 10854 | Lair:3   | Found a staircase to the Swamp.
 11282 | Lair:3   | Noticed Fannar
 11286 | Lair:3   | Killed Fannar
 11331 | Lair:3   | Reached skill level 13 in Spellcasting
 11331 | Lair:3   | Reached skill level 13 in Conjurations
 11331 | Lair:3   | Reached skill level 13 in Hexes
 11331 | Lair:3   | Reached skill level 13 in Summonings
 11331 | Lair:3   | Reached skill level 13 in Necromancy
 11331 | Lair:3   | Reached skill level 13 in Translocations
 11331 | Lair:3   | Reached skill level 13 in Fire Magic
 11331 | Lair:3   | Reached skill level 13 in Ice Magic
 11331 | Lair:3   | Reached skill level 13 in Air Magic
 11331 | Lair:3   | Reached skill level 13 in Earth Magic
 11331 | Lair:3   | Reached skill level 13 in Alchemy
 11429 | Lair:3   | Found a hole to the Spider Nest.
 11830 | Lair:4   | Found a staircase to the Slime Pits.
 11830 | Lair:4   | Found a viscous altar of Jiyva.
 12414 | Lair:4   | Noticed Nessos
 12427 | Lair:4   | Killed Nessos
 12508 | Lair:4   | Reached XP level 15. HP: 107/121 MP: 0/0
 12508 | Lair:4   | Learned a level 6 spell: Conjure Ball Lightning
 12594 | Lair:4   | Reached skill level 14 in Spellcasting
 12594 | Lair:4   | Reached skill level 14 in Conjurations
 12594 | Lair:4   | Reached skill level 14 in Hexes
 12594 | Lair:4   | Reached skill level 14 in Summonings
 12594 | Lair:4   | Reached skill level 14 in Necromancy
 12594 | Lair:4   | Reached skill level 14 in Translocations
 12594 | Lair:4   | Reached skill level 14 in Fire Magic
 12594 | Lair:4   | Reached skill level 14 in Ice Magic
 12594 | Lair:4   | Reached skill level 14 in Air Magic
 12594 | Lair:4   | Reached skill level 14 in Earth Magic
 12594 | Lair:4   | Reached skill level 14 in Alchemy
 12594 | Lair:4   | Reached skill level 1 in Shapeshifting
 12602 | Lair:4   | Reached skill level 2 in Shapeshifting
 12693 | Lair:4   | Reached skill level 3 in Shapeshifting
 12869 | Lair:4   | Reached skill level 4 in Shapeshifting
 13917 | D:11     | Found a staircase to the Orcish Mines.
 13939 | D:11     | Noticed Psyche
 13946 | D:11     | Killed Psyche
 14268 | D:12     | Noticed Frances
 14286 | D:12     | HP: 8/121 [sixfirhy[Frances] (10)]
 14353 | D:12     | Killed Frances
 14660 | D:12     | Found Vuanekkihu's Distillery.
 14660 | D:12     | Noticed Erolcha
 14665 | D:12     | Killed Erolcha
 14666 | D:12     | Reached skill level 15 in Spellcasting
 14666 | D:12     | Reached skill level 15 in Conjurations
 14666 | D:12     | Reached skill level 15 in Hexes
 14666 | D:12     | Reached skill level 15 in Summonings
 14666 | D:12     | Reached skill level 15 in Necromancy
 14666 | D:12     | Reached skill level 15 in Translocations
 14666 | D:12     | Reached skill level 15 in Fire Magic
 14666 | D:12     | Reached skill level 15 in Ice Magic
 14666 | D:12     | Reached skill level 15 in Air Magic
 14666 | D:12     | Reached skill level 15 in Earth Magic
 14666 | D:12     | Reached skill level 15 in Alchemy
 14676 | D:12     | Bought a potion of curing for 45 gold pieces
 14676 | D:12     | Bought a potion of invisibility for 120 gold pieces
 14676 | D:12     | Bought a potion of curing for 45 gold pieces
 14676 | D:12     | Bought a potion of curing for 45 gold pieces
 14905 | Orc:1    | Entered Level 1 of the Orcish Mines
 14963 | Orc:1    | Noticed Harold
 14973 | Orc:1    | Killed Harold
 15141 | Orc:2    | Entered Level 2 of the Orcish Mines
 15184 | Orc:2    | Found a staircase to the Elven Halls.
 15344 | Orc:2    | Found Gililaxi's Assorted Antiques.
 15452 | Orc:2    | Reached XP level 16. HP: 117/128 MP: 0/0
 15497 | Orc:2    | Found Yggeblok's Magic Scroll Shop.
 15498 | Orc:2    | Found Kulaf's General Store.
 15498 | Orc:2    | Found Roangin's Magic Scroll Shoppe.
 15508 | Orc:2    | Bought a scroll of enchant weapon for 135 gold pieces
 15516 | Orc:2    | Bought a scroll of blinking for 120 gold pieces
 15516 | Orc:2    | Bought a scroll of enchant weapon for 120 gold pieces
 15516 | Orc:2    | Bought a scroll of teleportation for 48 gold pieces
 15518 | Orc:2    | Bought a scroll of teleportation for 45 gold pieces
 15651 | Orc:2    | Found a burning altar of Makhleb.
 16390 | D:13     | Reached ****** piety under Ashenzari
 16443 | D:13     | Reached skill level 16 in Spellcasting
 16443 | D:13     | Reached skill level 16 in Conjurations
 16443 | D:13     | Reached skill level 16 in Hexes
 16443 | D:13     | Reached skill level 16 in Summonings
 16443 | D:13     | Reached skill level 16 in Necromancy
 16443 | D:13     | Reached skill level 16 in Translocations
 16443 | D:13     | Reached skill level 16 in Fire Magic
 16443 | D:13     | Reached skill level 16 in Ice Magic
 16443 | D:13     | Reached skill level 16 in Air Magic
 16443 | D:13     | Reached skill level 16 in Earth Magic
 16443 | D:13     | Reached skill level 16 in Alchemy
 16499 | D:13     | Found a gate to the Vaults.
 16769 | D:13     | Noticed Urug
 16784 | D:13     | Killed Urug
 17753 | D:14     | Found a shimmering altar of Xom.
 17867 | D:15     | Entered Level 15 of the Dungeon
 17995 | D:15     | Reached skill level 17 in Spellcasting
 17995 | D:15     | Reached skill level 17 in Conjurations
 17995 | D:15     | Reached skill level 17 in Hexes
 17995 | D:15     | Reached skill level 17 in Summonings
 17995 | D:15     | Reached skill level 17 in Necromancy
 17995 | D:15     | Reached skill level 17 in Translocations
 17995 | D:15     | Reached skill level 17 in Fire Magic
 17995 | D:15     | Reached skill level 17 in Ice Magic
 17995 | D:15     | Reached skill level 17 in Air Magic
 17995 | D:15     | Reached skill level 17 in Earth Magic
 17995 | D:15     | Reached skill level 17 in Alchemy
 18250 | D:15     | Identified the +2 scale mail "Dabocell" {Harm rPois Dex-2
                  | Stlth+}
 18302 | D:15     | Reached skill level 12 in Fighting
 18392 | D:15     | Found a staircase to the Depths.
 18392 | D:15     | Noticed a frost giant
 18398 | D:15     | Killed a frost giant
 18399 | D:15     | Reached XP level 17. HP: 132/136 MP: 0/0
 18399 | D:15     | Learned a level 7 spell: Monstrous Menagerie
 18987 | Spider:1 | Entered Level 1 of the Spider Nest
 19098 | Spider:1 | Reached skill level 13 in Fighting
 19179 | Spider:1 | Reached skill level 7 in Dodging
 19183 | Spider:1 | Reached skill level 3 in Stealth
 19699 | Spider:2 | Reached skill level 5 in Shapeshifting
 19797 | Spider:2 | Reached skill level 6 in Shapeshifting
 20048 | Spider:2 | Reached skill level 7 in Shapeshifting
 20359 | Spider:3 | Reached skill level 5 in Evocations
 20417 | Spider:3 | Reached skill level 6 in Evocations
 20448 | Spider:3 | Reached XP level 18. HP: 145/145 MP: 0/0
 20449 | Spider:3 | Reached skill level 7 in Evocations
 20531 | Spider:3 | Noticed Roxanne
 20553 | Spider:3 | Killed Roxanne
 20848 | Spider:3 | Reached skill level 8 in Shapeshifting
 20993 | Spider:4 | Entered Level 4 of the Spider Nest
 21169 | Spider:4 | Reached skill level 9 in Shapeshifting
 21461 | Spider:4 | Reached skill level 10 in Shapeshifting
 21725 | Spider:4 | Got a gossamer rune of Zot
 21742 | Spider:4 | Identified a scarf of resistance
 21793 | Spider:4 | Reached skill level 11 in Shapeshifting
 22026 | Swamp:1  | Entered Level 1 of the Swamp
 22516 | Swamp:2  | Reached XP level 19. HP: 108/150 MP: 0/0
 22516 | Swamp:2  | Learned a level 6 spell: Eringya's Noxious Bog
 22539 | Swamp:2  | Identified the serpent talisman of the Depths {Will+ Str+5
                  | Dex-4}
 22539 | Swamp:2  | Noticed Aizul
 22548 | Swamp:2  | Killed Aizul
 22629 | Swamp:2  | Reached skill level 12 in Shapeshifting
 23229 | Swamp:3  | Noticed Louise
 23233 | Swamp:3  | You are cast into the Abyss!
 23233 | Abyss:2  | Found a corrupted altar of Lugonu.
 23233 | Abyss:2  | Cast into level 2 of the Abyss (Louise)
 23299 | Abyss:2  | Reached skill level 13 in Shapeshifting
 23302 | Abyss:2  | Noticed a bone dragon
 23306 | Abyss:2  | Noticed a Hell Sentinel
 23388 | Abyss:2  | Noticed a profane servitor
 23398 | Abyss:2  | Killed a profane servitor
 23552 | Swamp:3  | You pass through the gate.
 23552 | Swamp:3  | Escaped the Abyss
 23560 | Swamp:3  | Killed Louise
 23841 | Swamp:3  | Identified the +1 scale mail of the Dwarven Hall {Str+4}
 23847 | Swamp:3  | Reached skill level 4 in Armour
 23881 | Swamp:3  | Noticed Bai Suzhen
 23897 | Swamp:3  | Killed Bai Suzhen
 23898 | Swamp:3  | Reached skill level 5 in Armour
 23945 | Swamp:3  | Paralysed by a fenstrider witch for 5 turns
 24069 | Swamp:3  | Noticed Nikola
 24077 | Swamp:3  | Killed Nikola
 24078 | Swamp:3  | Reached skill level 6 in Armour
 24196 | Swamp:4  | Entered Level 4 of the Swamp
 24497 | Swamp:4  | Noticed the 27-headed Lernaean hydra
 24519 | Swamp:3  | Killed the 27-headed Lernaean hydra
 24520 | Swamp:3  | Reached XP level 20. HP: 111/158 MP: 0/0
 24746 | Swamp:4  | Reached skill level 14 in Fighting
 24976 | Swamp:4  | Reached skill level 18 in Spellcasting
 24976 | Swamp:4  | Reached skill level 18 in Conjurations
 24976 | Swamp:4  | Reached skill level 18 in Hexes
 24976 | Swamp:4  | Reached skill level 18 in Summonings
 24976 | Swamp:4  | Reached skill level 18 in Necromancy
 24976 | Swamp:4  | Reached skill level 18 in Translocations
 24976 | Swamp:4  | Reached skill level 18 in Fire Magic
 24976 | Swamp:4  | Reached skill level 18 in Ice Magic
 24976 | Swamp:4  | Reached skill level 18 in Air Magic
 24976 | Swamp:4  | Reached skill level 18 in Earth Magic
 24976 | Swamp:4  | Reached skill level 18 in Alchemy
 25074 | Swamp:4  | Got a decaying rune of Zot
 25367 | Elf:1    | Entered Level 1 of the Elven Halls
 25992 | Elf:1    | Noticed Zenata
 26447 | Elf:1    | Killed Zenata
 26799 | Elf:2    | Identified the +5 sling of Benevolence {heavy, *Corrode
                  | Dex+4}
 26922 | Elf:2    | Reached skill level 15 in Fighting
 27068 | Elf:2    | Found Wodiozxitof's Antique Weapon Shoppe.
 27190 | Elf:2    | Found a runed translucent gate.
 27190 | Elf:2    | Found a runed translucent gate.
 27191 | Elf:2    | Found a runed translucent gate.
 27784 | Vaults:1 | Entered Level 1 of the Vaults
 27832 | Vaults:1 | Noticed Donald
 27837 | Vaults:1 | Killed Donald
 27902 | Vaults:1 | Your ally Donald died
 28015 | Vaults:1 | Noticed Saint Roka
 28018 | Vaults:1 | Reached skill level 19 in Spellcasting
 28018 | Vaults:1 | Reached skill level 19 in Conjurations
 28018 | Vaults:1 | Reached skill level 19 in Hexes
 28018 | Vaults:1 | Reached skill level 19 in Summonings
 28018 | Vaults:1 | Reached skill level 19 in Necromancy
 28018 | Vaults:1 | Reached skill level 19 in Translocations
 28018 | Vaults:1 | Reached skill level 19 in Fire Magic
 28018 | Vaults:1 | Reached skill level 19 in Ice Magic
 28018 | Vaults:1 | Reached skill level 19 in Air Magic
 28018 | Vaults:1 | Reached skill level 19 in Earth Magic
 28018 | Vaults:1 | Reached skill level 19 in Alchemy
 28023 | Vaults:1 | Killed Saint Roka
 28024 | Vaults:1 | Reached XP level 21. HP: 168/168 MP: 0/0
 28024 | Vaults:1 | Learned a level 7 spell: Orb of Destruction
 28026 | Vaults:1 | Your ally Saint Roka died
 29588 | Vaults:2 | Found a staircase to the Crypt.
 29754 | Vaults:2 | Reached skill level 20 in Spellcasting
 29754 | Vaults:2 | Reached skill level 20 in Conjurations
 29754 | Vaults:2 | Reached skill level 20 in Hexes
 29754 | Vaults:2 | Reached skill level 20 in Summonings
 29754 | Vaults:2 | Reached skill level 20 in Necromancy
 29754 | Vaults:2 | Reached skill level 20 in Translocations
 29754 | Vaults:2 | Reached skill level 20 in Fire Magic
 29754 | Vaults:2 | Reached skill level 20 in Ice Magic
 29754 | Vaults:2 | Reached skill level 20 in Air Magic
 29754 | Vaults:2 | Reached skill level 20 in Earth Magic
 29754 | Vaults:2 | Reached skill level 20 in Alchemy
 30468 | Vaults:3 | Noticed Mara
 30514 | Vaults:3 | Noticed Drazool's illusion
 30525 | Vaults:3 | Killed Mara
 30807 | Vaults:3 | Reached XP level 22. HP: 171/171 MP: 0/0
 31121 | Vaults:3 | Reached skill level 21 in Spellcasting
 31121 | Vaults:3 | Reached skill level 21 in Conjurations
 31121 | Vaults:3 | Reached skill level 21 in Hexes
 31121 | Vaults:3 | Reached skill level 21 in Summonings
 31121 | Vaults:3 | Reached skill level 21 in Necromancy
 31121 | Vaults:3 | Reached skill level 21 in Translocations
 31121 | Vaults:3 | Reached skill level 21 in Fire Magic
 31121 | Vaults:3 | Reached skill level 21 in Ice Magic
 31121 | Vaults:3 | Reached skill level 21 in Air Magic
 31121 | Vaults:3 | Reached skill level 21 in Earth Magic
 31121 | Vaults:3 | Reached skill level 21 in Alchemy
 31580 | Vaults:3 | Noticed Sojobo
 31586 | Vaults:3 | Killed Sojobo
 32314 | Vaults:4 | Reached skill level 16 in Fighting
 32662 | Vaults:4 | Found Biprut's Orb Outfitters.
 32674 | Vaults:4 | Reached skill level 7 in Armour
 32803 | Vaults:4 | Reached XP level 23. HP: 180/180 MP: 0/0
 32803 | Vaults:4 | Learned a level 8 spell: Disjunction
 33316 | Depths:1 | Entered Level 1 of the Depths
 33323 | Depths:1 | Reached skill level 8 in Armour
 33353 | Depths:1 | Found an opulent altar of Gozag.
 33486 | Depths:1 | Found an opulent altar of Gozag.
 33564 | Depths:1 | Found an opulent altar of Gozag.
 33570 | Depths:1 | Found an opulent altar of Gozag.
 34204 | Depths:1 | Found a gateway to Hell.
 34254 | Depths:2 | Found a one-way gate leading to the halls of Pandemonium.
 34332 | Depths:2 | Reached skill level 14 in Shapeshifting
 34542 | Depths:2 | Noticed a golden dragon
 34548 | Depths:2 | Killed a golden dragon
 34731 | Depths:2 | Found a glowing golden altar of the Shining One.
 34770 | Depths:2 | Reached skill level 15 in Shapeshifting
 35337 | Depths:2 | Found a one-way gateway to a ziggurat.
 35380 | Depths:2 | Found a portal to a secret trove of treasure.
 35482 | Depths:2 | Noticed an ancient lich
 35511 | Depths:2 | Killed an ancient lich
 35512 | Depths:2 | Reached skill level 16 in Shapeshifting
 35540 | Depths:2 | Found Seilaokh's Book Shop.
 35547 | Depths:2 | Found Udaudaqe's General Store.
 35614 | Depths:2 | Reached skill level 22 in Spellcasting
 35614 | Depths:2 | Reached skill level 22 in Conjurations
 35614 | Depths:2 | Reached skill level 22 in Hexes
 35614 | Depths:2 | Reached skill level 22 in Summonings
 35614 | Depths:2 | Reached skill level 22 in Necromancy
 35614 | Depths:2 | Reached skill level 22 in Translocations
 35614 | Depths:2 | Reached skill level 22 in Fire Magic
 35614 | Depths:2 | Reached skill level 22 in Ice Magic
 35614 | Depths:2 | Reached skill level 22 in Air Magic
 35614 | Depths:2 | Reached skill level 22 in Earth Magic
 35614 | Depths:2 | Reached skill level 22 in Alchemy
 35650 | Depths:2 | Identified the Guidebook on Shadowy Mustering
 35958 | Depths:3 | Noticed Parghit
 36020 | Depths:3 | Noticed a golden dragon
 36136 | Depths:3 | Reached XP level 24. HP: 168/185 MP: 0/0
 36219 | Depths:3 | Killed Parghit
 36279 | Depths:3 | Noticed a golden dragon
 36284 | Depths:3 | Killed a golden dragon
 36305 | Depths:3 | Noticed a golden dragon
 36308 | Depths:3 | Killed a golden dragon
 36464 | Depths:3 | Killed a golden dragon
 36764 | Depths:3 | Identified the +3 dagger "Ykkiqoum" {freeze, rF+}
 36904 | Depths:3 | Noticed a juggernaut
 36911 | Depths:3 | Noticed a juggernaut
 36916 | Depths:3 | Killed a juggernaut
 36918 | Depths:3 | Killed a juggernaut
 37051 | Depths:3 | Found a one-way gate to the infinite horrors of the Abyss.
 37217 | Depths:3 | Reached skill level 8 in Axes
 37528 | Depths:3 | Identified the ring of Meta {Ice rElec Will+ Int+3 SInv}
 37528 | Depths:3 | Noticed Josephina
 37561 | Depths:3 | Killed Josephina
 37695 | Depths:4 | Entered Level 4 of the Depths
 37788 | Depths:4 | Reached skill level 9 in Axes
 37862 | Depths:4 | Noticed a caustic shrike
 37871 | Depths:4 | Killed a caustic shrike
 37903 | Depths:4 | Noticed a caustic shrike
 37909 | Depths:4 | Killed a caustic shrike
 37959 | Depths:4 | Noticed a caustic shrike
 37985 | Depths:4 | Killed a caustic shrike
 37986 | Depths:4 | Reached skill level 10 in Axes
 38083 | Depths:4 | Found Ecudirr's Book Boutique.
 38083 | Depths:4 | Found Deacsots's Jewellery Shoppe.
 38084 | Depths:4 | Found Zatwuy's Jewellery Shoppe.
 38102 | Depths:4 | Identified a scroll of acquirement
 38111 | Depths:4 | Acquired a manual of Evocations
 38211 | Depths:4 | Noticed the Enchantress
 38224 | Depths:4 | Killed the Enchantress
 38428 | Depths:4 | Reached skill level 11 in Axes
 38580 | Depths:4 | Reached XP level 25. HP: 171/191 MP: 0/0
 38580 | Depths:4 | Learned a level 8 spell: Maxwell's Capacitive Coupling
 38692 | Depths:4 | Found a gate to the Realm of Zot.
 38796 | Depths:4 | Found The Oracle's Delphic Readings.
 39203 | Elf:3    | Entered Level 3 of the Elven Halls
 39795 | Elf:3    | Reached skill level 17 in Fighting
 40242 | Elf:3    | Identified the +3 chain mail "Cajedeek" {Str+2 Slay+5 SInv
                  | Stlth+}
 40243 | Elf:3    | Identified the ring of Honi {rElec rC+ Will+ Int+4 Dex-4}
 40572 | Elf:3    | Identified the staff "Luxzea" {rC+ Int+3 Ice}
 40623 | Elf:3    | Identified the amulet "Peatuc" {Reflect Harm ^Drain Regen+
                  | SH+5}
 40634 | Elf:3    | Identified the ring of Ulout {rPois rF+ Dex+6}
 40647 | Elf:3    | Reached skill level 18 in Fighting
 40755 | Elf:3    | Acquired a staff of conjuration
 40814 | Elf:3    | Identified the Guide on Sepulchral Attacks
 40822 | Elf:3    | Identified the Disquisition on the Wyrd
 41122 | Crypt:1  | Entered Level 1 of the Crypt
 41570 | Crypt:1  | Noticed Xtahua
 41573 | Crypt:1  | Killed Xtahua
 41574 | Crypt:1  | Reached skill level 23 in Spellcasting
 41574 | Crypt:1  | Reached skill level 23 in Conjurations
 41574 | Crypt:1  | Reached skill level 23 in Hexes
 41574 | Crypt:1  | Reached skill level 23 in Summonings
 41574 | Crypt:1  | Reached skill level 23 in Necromancy
 41574 | Crypt:1  | Reached skill level 23 in Translocations
 41574 | Crypt:1  | Reached skill level 23 in Fire Magic
 41574 | Crypt:1  | Reached skill level 23 in Ice Magic
 41574 | Crypt:1  | Reached skill level 23 in Air Magic
 41574 | Crypt:1  | Reached skill level 23 in Earth Magic
 41574 | Crypt:1  | Reached skill level 23 in Alchemy
 42655 | Crypt:2  | Found a large runed translucent door.
 42655 | Crypt:2  | Found a large runed translucent door.
 42656 | Crypt:2  | Noticed Goociwk's ghost (adept GrFi)
 42657 | Crypt:2  | Identified the ring of Plog {+Blink rN+++ EV+5 Int-4
                  | Slay-4}
 42754 | Crypt:2  | Reached XP level 26. HP: 142/195 MP: 0/0
 43035 | Crypt:2  | Found a huge runed translucent gate.
 43036 | Crypt:2  | Found a huge runed translucent gate.
 43036 | Crypt:2  | Found a huge runed translucent gate.
 43036 | Crypt:2  | Found a huge runed translucent gate.
 43037 | Crypt:2  | Found a huge runed translucent gate.
 43037 | Crypt:2  | Found a huge runed translucent gate.
 43037 | Crypt:2  | Found a huge runed translucent gate.
 43039 | Crypt:2  | Found a huge runed translucent gate.
 43039 | Crypt:2  | Found a huge runed translucent gate.
 43156 | Crypt:3  | Entered Level 3 of the Crypt
 43369 | Crypt:3  | Noticed Grunn
 43374 | Crypt:3  | Killed Grunn
 43402 | Crypt:3  | HP: 20/265 [lich/bolt of cold (48)]
 43556 | Crypt:3  | Reached skill level 12 in Axes
 43625 | Crypt:3  | Found a staircase to the Tomb.
 43899 | Crypt:3  | Identified the Elucidation of the Charged Flock
 44040 | Crypt:3  | Reached skill level 13 in Axes
 44263 | Crypt:3  | Identified the +0 ring mail of Kupn {Str+4 Dex-3 Slay+5}
 44305 | Crypt:3  | Identified the +0 pair of boots of Misanthropy {Dex+2}
 44451 | Crypt:3  | Identified the staff "Jegalesm" {rElec rN++ Str-4 Int+3
                  | Air}
 44451 | Crypt:3  | Identified the death talisman of Fauphek {Will+ Dex+4}
 45091 | Vaults:5 | Entered Level 5 of the Vaults
 45150 | Vaults:5 | Reached skill level 14 in Axes
 45158 | Vaults:5 | HP: 15/265 [vault guard/+2 heavy great mace (18)]
 45351 | Vaults:5 | Identified the orb "Cyim" {*Rage, Will- Slay+5 Necro Tloc}
 45351 | Vaults:5 | Identified the ring "Agobunera" {Fire rN+ Str-2 Int+4 SInv}
 45630 | Vaults:5 | Reached skill level 19 in Fighting
 45630 | Vaults:5 | Reached XP level 27. HP: 211/211 MP: 0/0
 45630 | Vaults:5 | Learned a level 9 spell: Fire Storm
 45927 | Vaults:5 | Reached skill level 20 in Fighting
 45949 | Vaults:5 | Identified the +0 spear "Alec Ceagoxu" {venom, rElec Int+6
                  | Dex-4}
 45986 | Vaults:5 | Got a silver rune of Zot
 47066 | Zot:1    | Entered Level 1 of the Realm of Zot
 47136 | Zot:1    | HP: 12/283 [yellow draconian scorcher/glob of acid (21)]
 47300 | Zot:1    | Reached skill level 21 in Fighting
 47566 | Zot:1    | Noticed an orb of fire
 47570 | Zot:1    | Killed an orb of fire
 48365 | Zot:2    | Reached skill level 22 in Fighting
 48453 | Zot:2    | Identified the +8 arbalest "Kuagho" {flame, rN+ Str+3
                  | Dex+3}
 48705 | Zot:2    | Identified the +0 chain mail "Yfrynueq" {rPois SInv}
 49088 | Zot:2    | Noticed an electric golem
 49090 | Zot:2    | Killed an electric golem
 49194 | Zot:2    | Reached skill level 23 in Fighting
 49286 | Zot:2    | Noticed an orb of fire
 49289 | Zot:2    | Killed an orb of fire
 49335 | Zot:2    | Noticed an orb of fire
 49336 | Zot:2    | Killed an orb of fire
 49343 | Zot:2    | Noticed a curse toe
 49355 | Zot:2    | Killed a curse toe
 49983 | Zot:3    | Reached skill level 9 in Armour
 50919 | Zot:4    | Noticed an orb of fire
 50922 | Zot:4    | Killed an orb of fire
 51124 | Zot:4    | Identified the +2 double sword "Jetososoer" {venom, Int+2}
 51125 | Zot:4    | Reached skill level 17 in Shapeshifting
 51454 | Zot:5    | Entered Level 5 of the Realm of Zot
 51826 | Zot:5    | Noticed a dread lich
 51829 | Zot:5    | Reached skill level 18 in Shapeshifting
 51829 | Zot:5    | Killed a dread lich
 51836 | Zot:5    | Noticed an ancient lich
 51838 | Zot:5    | Killed an ancient lich
 51997 | Zot:5    | Noticed a Killer Klown
 52000 | Zot:5    | Killed a Killer Klown
 52014 | Zot:5    | Noticed an electric golem
 52021 | Zot:5    | Killed an electric golem
 52083 | Zot:5    | Noticed an electric golem
 52116 | Zot:5    | Killed an electric golem
 52137 | Zot:5    | Noticed an orb of fire
 52140 | Zot:5    | Gained mutation: You occasionally lose the ability to drink
                  | potions when taking damage. [an orb of fire]
 52141 | Zot:5    | Noticed a Killer Klown
 52142 | Zot:5    | Killed an orb of fire
 52144 | Zot:5    | Noticed a Killer Klown
 52145 | Zot:5    | Killed a Killer Klown
 52148 | Zot:5    | Killed a Killer Klown
 52149 | Zot:5    | Reached skill level 19 in Shapeshifting
 52160 | Zot:5    | Noticed an orb of fire
 52160 | Zot:5    | Gained mutation: You occasionally shout uncontrollably at
                  | your foes. [an orb of fire]
 52166 | Zot:5    | Killed an orb of fire
 52167 | Zot:5    | Noticed a dread lich
 52167 | Zot:5    | Noticed an ancient lich
 52167 | Zot:5    | Identified the +9 glaive "Idwyles" {flame, *Corrode +Blink
                  | rPois Int+3}
 52169 | Zot:5    | Noticed an ancient lich
 52169 | Zot:5    | Noticed a Killer Klown
 52172 | Zot:5    | Paralysed by a dread lich for 5 turns
 52181 | Zot:5    | Paralysed by a dread lich for 4 turns
 52182 | Zot:5    | HP: 27/296 [Killer Klown/klown pie (19)]
 52184 | Zot:5    | Killed from afar by an ancient lich

Vanquished Creatures
  A dread lich (Zot:5)
  An ancient lich (Zot:5)
  6 orbs of fire
  Mara (Vaults:3)
  2 juggernauts (Depths:3)
  Xtahua (Crypt:1)
  Sojobo (Vaults:3)
  Josephina (Depths:3)
  3 Killer Klowns (Zot:5)
  Parghit (Depths:3)
  the Lernaean hydra (Swamp:3)
  Bai Suzhen (Swamp:3)
  A curse toe (Zot:2)
  A caustic shrike (Depths:4)
  14 golden dragons
  A profane servitor (Abyss:2)
  2 bone dragons (Crypt:3)
  A Tzitzimitl (Crypt:3)
  2 doom hounds (Crypt:3)
  3 electric golems
  A spectral shard shrike (Crypt:3)
  A shard shrike zombie (Crypt:1)
  14 tentacled monstrosities
  Zenata (Elf:1)
  11 Orb Guardians (Zot:5)
  2 walking earthen tomes (Zot:4)
  3 titans (Vaults:5)
  Grunn (Crypt:3)
  A walking divine tome (Zot:4)
  A deep elf master archer (Elf:3)
  7 liches
  6 quicksilver dragons
  4 deep elf blademasters (Elf:3)
  An acid blob (Zot:1)
  3 sphinxes (Crypt:1)
  A tentacled starspawn (Abyss:2)
  2 thorn hunters
  Frances (D:12)
  6 death cobs
  5 shadow dragons
  2 ancient champions
  17 storm dragons
  3 protean progenitors
  4 narguns (Zot:4)
  5 draconian monks
  5 tengu reavers
  4 revenants
  9 frost giants
  7 deep elf sorcerers
  5 fire giants
  An iron dragon (Depths:3)
  5 draconian shifters
  10 draconian knights
  6 vault wardens
  A balrug (Depths:3)
  A deep elf elementalist (Elf:3)
  8 draconian scorchers
  A spectral caustic shrike (Crypt:3)
  4 draconian stormcallers
  3 ghost moths
  10 ironbound preservers
  A reaper (Crypt:3)
  2 caustic shrike skeletons
  4 ghouls (Crypt:2)
  4 draconian annihilators
  A broodmother (Spider:4)
  11 vampire knights
  A juggernaut skeleton (Crypt:3)
  A formless jellyfish (Vaults:4)
  14 stone giants
  Nessos (Lair:4)
  3 very ugly things
  9 deep elf death magi
  6 deep elf demonologists (Elf:3)
  8 black draconians
  A putrid mouth (Crypt:3)
  24 yellow draconians
  4 purple draconians
  5 deep elf annihilators
  4 green draconians
  10 red draconians
  3 bunyips
  8 white draconians
  4 dire elephants
  2 spark wasps
  A crystal guardian (Vaults:4)
  2 spectral quicksilver dragons (Crypt:3)
  An acid blob zombie (Crypt:2)
  2 jiangshi
  6 eidola
  9 ettins
  4 fire dragons
  6 deep elf high priests
  9 yaktaur captains
  2 spectral spriggans (Crypt:3)
  3 entropy weavers
  3 ice dragons
  A great orb of eyes (Vaults:4)
  Erolcha (D:12)
  A caustic shrike simulacrum (Crypt:3)
  4 spriggan air magi
  2 ghost crabs
  An Orb Guardian zombie (Crypt:2)
  A centaur warrior (D:14)
  3 rakshasas
  23 vault guards (Vaults:5)
  4 ironbound frosthearts
  2 ogre magi (Vaults:5)
  6 hydras
  3 anacondas (Zot:1)
  3 boulder beetles
  4 dancing weapons
  10 two-headed ogres
  2 spectral stone giants (Crypt:3)
  A spriggan skeleton (Crypt:1)
  2 catoblepae (Depths:3)
  3 alligators
  6 death yaks
  An orc high priest (Orc:2)
  2 tengu warriors (D:15)
  2 deep troll earth magi
  6 deep troll shamans
  3 vampire magi
  4 demonic crawlers
  A spectral storm dragon (Crypt:3)
  A soul eater (Crypt:2)
  A spectral naga (Crypt:3)
  2 spriggan berserkers
  2 sun demons (Depths:3)
  4 hell knights (Depths:3)
  A wretched star (Abyss:2)
  Amaemon (Lair:1)
  6 deep elf knights
  4 iron trolls
  Nergalle (D:10)
  2 pharaoh ants
  A fire crab (Lair:4)
  A skyshark (Lair:2)
  4 skeletal warriors
  9 shadow wraiths
  9 flayed ghosts
  A spectral anaconda (Crypt:3)
  A bog body (Lair:3)
  16 deep trolls
  2 orb spiders (Spider:4)
  2 spriggan druids
  5 arcanists
  15 ironbound convokers
  3 swamp dragons
  A spectral iron dragon (Crypt:3)
  A shock serpent (shapeshifter) (Vaults:5)
  4 glowing orange brains
  3 lindwurms
  2 steelbarb worms (Spider:3)
  3 deep elf archers
  21 phantasmal warriors
  A steelbarb worm (shapeshifter) (Depths:4)
  7 deep elf pyromancers
  2 harpies (Vaults:1)
  2 large abominations (Abyss:2)
  4 necromancers
  2 orc sorcerers (Orc:2)
  9 deep elf zephyrmancers
  4 orc knights
  5 oklob plants (Zot:1)
  3 wolf spiders
  A stone giant zombie (Crypt:3)
  2 cyclopes
  A sphinx simulacrum (Depths:3)
  A death drake (shapeshifter) (Vaults:5)
  A frost giant zombie (Crypt:1)
  12 ugly things
  21 moths of wrath
  2 manticores
  6 vault sentinels
  5 black mambas
  A water nymph (shapeshifter) (Vaults:5)
  4 meliai
  A gargoyle (D:14)
  Maggie (D:6)
  A frost giant skeleton (Crypt:1)
  3 black mambas (shapeshifter)
  3 kobold blastminers (Orc:2)
  A titan simulacrum (Crypt:3)
  3 torpor snails
  A dire elephant skeleton (Crypt:2)
  A storm dragon simulacrum (Depths:3)
  A grey draconian zombie (Crypt:2)
  An orange demon (Lair:1)
  11 cane toads
  A centaur skeleton (Crypt:3)
  A spriggan zombie (Depths:2)
  5 rime drakes (Lair:4)
  An unseen horror (D:10)
  13 freezing wraiths
  7 komodo dragons
  11 yaktaurs
  3 tengu conjurers
  A golden dragon simulacrum (Depths:3)
  12 trolls
  Psyche (D:11)
  An ancient zyme (Abyss:2)
  A purple draconian skeleton (Crypt:3)
  2 spectral harpies (Crypt:3)
  A harpy zombie (Crypt:2)
  2 polar bears (Lair:4)
  Prince Ribbit (D:6)
  A tyrant leech (Swamp:2)
  5 hornets
  A red draconian skeleton (Crypt:2)
  A bloated husk (Swamp:1)
  5 tarantellas
  A spectral swamp dragon (Crypt:3)
  10 blink frogs
  A glass eye (Depths:3)
  An ice dragon zombie (Crypt:2)
  A glass eye (shapeshifter) (Elf:3)
  11 dream sheep
  A frost giant simulacrum (Depths:3)
  15 slime creatures
  An air elemental (Elf:3)
  7 jumping spiders
  5 culicivoras
  3 shadows
  7 spriggans
  A vampire (D:12)
  An ice dragon skeleton (Crypt:2)
  40 yaks
  12 water elementals
  4 wraiths
  5 basilisks
  A yak (shapeshifter) (D:15)
  5 wyverns
  A human (shapeshifter) (Vaults:5)
  2 wargs
  11 redbacks
  2 steam dragons
  3 vampire mosquitoes
  2 harpy simulacra
  6 swamp worms
  3 small abominations (Abyss:2)
  Edmund (D:6)
  11 water moccasins
  A demonspawn skeleton (Crypt:1)
  2 black bears
  2 black mamba simulacra
  3 orc warriors
  2 swamp drakes (Swamp:4)
  4 ice beasts
  A laughing skull (Crypt:2)
  A manticore zombie (Crypt:1)
  12 ogres
  2 dream sheep skeletons
  10 wolves
  4 boggarts
  8 centaurs
  A phantom (D:5)
  20 bullfrogs
  A wyvern zombie (D:8)
  An elf zombie (Crypt:3)
  A gnoll sergeant (D:13)
  6 scorpions
  A glowing shapeshifter simulacrum (Depths:3)
  A draconian skeleton (Crypt:1)
  9 earth elementals
  11 wights
  A raiju zombie (Crypt:3)
  10 killer bees
  3 electric eels
  4 howler monkeys
  A crimson imp (Abyss:2)
  22 jellies
  4 centaur zombies
  6 orc priests
  3 bombardier beetles
  5 hounds
  4 gnoll boudas
  3 iguanas
  8 orc wizards
  A killer bee zombie (D:9)
  A crocodile skeleton (Crypt:2)
  39 gnolls
  4 adders
  A white imp (D:5)
  3 ufetubi
  An iguana zombie (Crypt:3)
  4 dart slugs
  2 ribbon worms
  43 orcs
  9 endoplasms
  2 giant cockroaches (D:2)
  8 hobgoblins
  3 quokkas
  5 ball pythons
  9 bats
  5 frilled lizards
  A gnoll zombie (D:9)
  14 goblins
  A jackal skeleton (Crypt:2)
  13 kobolds
  An orc skeleton (Crypt:1)
  10 rats
  A spectral kobold (D:1)
  3 aspiring fleshes (Zot:2)
  9 boulders
  A snaplasher vine (Spider:4)
  2 starspawn tentacles (Abyss:2)
1388 creatures vanquished.

Vanquished Creatures (collateral kills)
  An ancient lich (Depths:2)
  Saint Roka (Vaults:1)
  2 caustic shrikes (Depths:4)
  the Enchantress (Depths:4)
  Nikola (Swamp:3)
  A walking earthen tome (Zot:4)
  2 sphinxes
  A thorn hunter (Swamp:3)
  2 storm dragons
  2 tengu reavers
  Roxanne (Spider:3)
  Aizul (Swamp:2)
  A protean progenitor (Zot:1)
  2 draconian shifters
  Donald (Vaults:1)
  A fenstrider witch (Swamp:3)
  6 emperor scorpions
  9 vault wardens
  A frost giant (D:15)
  Louise (Swamp:3)
  4 fire giants
  A balrug (Abyss:2)
  A deep elf sorcerer (Vaults:5)
  A draconian scorcher (Zot:1)
  A ghost moth (Spider:4)
  2 broodmothers (Spider:4)
  5 ironbound thunderhulks
  3 formless jellyfish
  3 spriggan defenders (Depths:4)
  A reaper (Crypt:3)
  3 orc warlords
  A draconian annihilator (Depths:4)
  11 very ugly things
  10 ironbound preservers
  7 stone giants
  3 vampire knights
  A black draconian (Zot:5)
  2 deep elf death magi
  2 deep elf demonologists
  3 eleionomae
  A green draconian (Zot:1)
  A spark wasp (Spider:4)
  2 bunyips
  A purple draconian (Depths:4)
  A deep elf annihilator (Depths:2)
  2 yellow draconians
  5 dire elephants
  2 ettins
  A shambling mangrove (Swamp:4)
  A crystal guardian (Vaults:4)
  8 entropy weavers
  3 eidola
  A merfolk javelineer (Depths:2)
  A deep elf high priest (Vaults:5)
  2 great orbs of eyes (Vaults:4)
  A jiangshi (Crypt:3)
  5 vault guards
  Harold (Orc:1)
  5 yaktaur captains
  13 hydras
  Fannar (Lair:3)
  2 rakshasas (Depths:2)
  6 alligators
  4 spriggan air magi
  A peacekeeper (Vaults:2)
  A spectral shadow dragon (Crypt:3)
  2 jorogumos (Spider:1)
  4 ironbound frosthearts
  2 ice dragons (Depths:1)
  2 ogre magi
  2 radroaches (Spider:4)
  14 centaur warriors
  4 two-headed ogres
  2 boulder beetles
  7 dancing weapons
  A ghost crab (Swamp:3)
  2 death knights
  A spectral stone giant (Crypt:3)
  A death yak (Lair:2)
  4 deep troll earth magi
  2 vampire magi
  3 deep troll shamans
  12 demonic crawlers
  4 orc high priests
  Urug (D:13)
  2 spriggan berserkers
  A soul eater (Abyss:2)
  An occultist (Vaults:4)
  4 iron trolls
  A wretched star (Abyss:2)
  17 deep elf knights
  A hell knight (Vaults:2)
  2 skeletal warriors
  8 pharaoh ants
  A spatial maelstrom (Abyss:2)
  10 arcanists
  2 goliath frogs
  A spriggan rider (Swamp:2)
  31 deep trolls
  A sun moth (Spider:4)
  7 swamp dragons
  8 steelbarb worms
  4 spriggan druids
  2 flayed ghosts (Depths:2)
  8 deep elf archers (Elf:2)
  A bog body (Swamp:3)
  A sun moth (shapeshifter) (Vaults:4)
  2 glowing orange brains
  8 orb spiders
  9 lindwurms
  2 ironbound convokers
  2 necromancers
  3 harpies (Vaults:1)
  2 phantasmal warriors
  12 deep elf pyromancers
  8 orc knights
  20 wolf spiders
  10 deep elf zephyrmancers
  6 cyclopes
  2 orc sorcerers (Orc:2)
  2 will-o-the-wisps
  2 manticores (D:15)
  3 moths of wrath
  38 ugly things
  A worldbinder (Abyss:2)
  2 meliai (Spider:2)
  A kobold blastminer (Orc:2)
  A black mamba (Lair:3)
  A rust devil (Abyss:2)
  7 torpor snails
  10 vault sentinels
  A cane toad (shapeshifter) (D:13)
  21 yaktaurs
  A komodo dragon (Lair:3)
  An efreet (D:15)
  4 freezing wraiths
  2 human skeletons (Vaults:1)
  3 trolls
  8 tyrant leeches
  2 bloated husks
  4 hornets
  17 tarantellas
  A tarantella zombie (Spider:3)
  A harpy skeleton (Crypt:3)
  5 blink frogs
  28 jumping spiders
  A centaur simulacrum (Crypt:2)
  7 spriggans
  An air elemental (Elf:3)
  17 culicivoras
  29 slime creatures
  3 water elementals
  2 ynoxinuls (Abyss:2)
  A wraith (D:14)
  2 fire elementals (Elf:2)
  A spriggan zombie (Swamp:4)
  48 redbacks
  3 vampire mosquitoes (Swamp:2)
  A black mamba skeleton (Crypt:3)
  2 basilisks
  13 swamp worms
  A water moccasin (Lair:3)
  A glowing shapeshifter zombie (Vaults:1)
  8 orc warriors
  An orc zombie (Vaults:1)
  4 ogres
  9 laughing skulls
  A sky beast (D:6)
  5 swamp drakes
  4 boggarts (D:15)
  2 wolves (Lair:3)
  A centaur (D:14)
  A dream sheep skeleton (Crypt:1)
  A hog skeleton (Crypt:3)
  A warg zombie (Crypt:3)
  4 wights (D:9)
  An electric eel (Spider:3)
  7 orc priests
  An iron imp (Abyss:2)
  13 orc wizards
  A white imp (Abyss:2)
  13 orcs
  A jackal zombie (Crypt:3)
  77 boulders
  A snaplasher vine (Spider:4)
902 creatures vanquished.

Vanquished Creatures (others)
  A draconian stormcaller (Zot:1)
  An angel (D:8)
  5 very ugly thing zombies
  A bunyip (Swamp:3)
  A titan zombie (Vaults:5)
  A vampire mage (Depths:2)
  2 emperor scorpion zombies (Spider:4)
  A deep elf knight (Elf:2)
  A bunyip zombie (Swamp:1)
  4 orc zombies
  2 broodmother zombies (Spider:4)
  A swamp dragon (Swamp:3)
  5 wolf spider zombies
  An ironbound convoker (Vaults:2)
  An alligator zombie (Swamp:3)
  A lindwurm (Vaults:1)
  2 tengu zombies
  A deep elf pyromancer (Elf:1)
  A deep elf zephyrmancer (Elf:3)
  11 ugly thing zombies
  A fire giant zombie (Vaults:1)
  An eleionoma zombie (Swamp:2)
  A will-o-the-wisp (Swamp:3)
  5 dire elephant zombies
  A centaur zombie (Vaults:4)
  11 redback zombies
  10 human zombies
  A steelbarb worm zombie (Spider:4)
  3 swamp worm zombies
  2 orb spider zombies
  An iron troll zombie (Depths:4)
  3 demonic crawler zombies
  3 bloated husks
  3 hydra zombies (Swamp:4)
  A sun moth zombie (Spider:4)
  An ettin zombie (Vaults:5)
  5 tarantella zombies
  6 culicivora zombies
  11 jumping spider zombies
  A meliai zombie (Spider:2)
  3 slime creature zombies (Vaults:4)
  5 spriggan zombies
  A tyrant leech zombie (Swamp:4)
  A warg (Vaults:5)
  11 deep troll zombies
  A swamp worm (Swamp:3)
  2 ogre zombies
  An entropy weaver zombie (Vaults:4)
  20 elf zombies
  3 hornet zombies
  4 swamp dragon zombies
  A torpor snail zombie (Spider:4)
  9 yaktaur zombies
  2 jellies (Zot:1)
  An orc wizard (Orc:2)
  3 killer bee zombies (D:9)
  4 swamp drake zombies (Swamp:4)
  A gnoll zombie (D:9)
  A ball lightning (D:13)
  121 boulders
  105 fire vortices
  51 snaplasher vines
  2 starspawn tentacles (Abyss:2)
468 creatures vanquished.

Grand Total: 2758 creatures vanquished

Table legend: (Time is in decaauts)
 A = Elapsed time spent in this place.
 B = Non-inter-level travel time spent in this place.
 C = Inter-level travel time spent in this place.
 D = Time resting spent in this place.
 E = Time spent auto-exploring this place.
 F = Levels seen in this place.
 G = Mean time per level.
                   A        B        C        D        E       F      G
               +--------+--------+--------+--------+--------+-----+--------+
         Total |  66565 |  60667 |   5898 |   5715 |  38697 |  52 | 1280.1 |
       Dungeon |  13875 |  12090 |   1785 |    730 |   8952 |  15 |  925.0 |
        Temple |     32 |     16 |     16 |      0 |      0 |   1 |   32.0 |
          Lair |   4772 |   4314 |    458 |    265 |   2982 |   4 | 1193.0 |
         Swamp |   3822 |   3487 |    335 |    141 |   2420 |   4 |  955.5 |
   Spider Nest |   3009 |   2901 |    108 |     24 |   1910 |   4 |  752.2 |
  Orcish Mines |   1341 |   1084 |    257 |      8 |    778 |   2 |  670.5 |
   Elven Halls |   6130 |   5512 |    618 |    792 |   3453 |   3 | 2043.3 |
        Vaults |  11280 |  10163 |   1117 |    716 |   6457 |   5 | 2256.0 |
         Crypt |   5655 |   5351 |    304 |    525 |   3268 |   3 | 1885.0 |
        Depths |   8619 |   8036 |    583 |   1447 |   4260 |   4 | 2154.8 |
           Zot |   7169 |   6856 |    313 |   1020 |   3877 |   5 | 1433.8 |
         Abyss |    478 |    478 |      0 |      3 |    181 |   1 |  478.0 |
        Bailey |    377 |    377 |      0 |     43 |    157 |   1 |  377.0 |
               +--------+--------+--------+--------+--------+-----+--------+

Top non-repeatable levels by time:
Depths:3: 3002 daAuts
   Elf:3: 2528 daAuts
Vaults:2: 2491 daAuts
Vaults:3: 2475 daAuts
 Crypt:3: 2422 daAuts
Vaults:5: 2409 daAuts
Depths:2: 2398 daAuts
   Zot:2: 2347 daAuts
   Elf:1: 2239 daAuts
Depths:4: 2100 daAuts
Vaults:4: 1997 daAuts
Vaults:1: 1906 daAuts
  Lair:4: 1836 daAuts
 Crypt:2: 1803 daAuts
 Swamp:3: 1618 daAuts

Table legend:
 A = Non-vault XP
 B = Vault XP
 C = Vault XP percentage of total XP
 D = Non-vault monster count
 E = Vault monster count
 F = Vault count percentage of total count
                 A         B        C        D         E       F
            +---------+---------+-------+---------+---------+-------
      Total |  759136 |  624968 |  45.2 |    1448 |     754 |  34.2
            +---------+---------+-------+---------+---------+-------
        D:1 |      56 |       7 |  11.1 |      28 |       5 |  15.2
        D:2 |      83 |       0 |   0.0 |      26 |       0 |   0.0
        D:3 |      43 |       4 |   8.5 |      18 |       1 |   5.3
        D:4 |    1337 |       0 |   0.0 |      29 |       0 |   0.0
        D:5 |     495 |       0 |   0.0 |      11 |       0 |   0.0
        D:6 |    1068 |     883 |  45.3 |      21 |       3 |  12.5
        D:7 |     823 |     481 |  36.9 |      15 |      11 |  42.3
        D:8 |    1667 |     904 |  35.2 |      15 |      15 |  50.0
        D:9 |    2438 |     563 |  18.8 |      23 |       2 |   8.0
       D:10 |    4148 |     769 |  15.6 |      18 |       1 |   5.3
       D:11 |    3114 |     748 |  19.4 |      15 |       4 |  21.1
       D:12 |    4672 |    2377 |  33.7 |      19 |       2 |   9.5
       D:13 |    7492 |    5007 |  40.1 |      29 |      16 |  35.6
       D:14 |   13086 |       0 |   0.0 |      32 |       0 |   0.0
       D:15 |   13704 |    2842 |  17.2 |      31 |       3 |   8.8
     Lair:1 |    3759 |    3258 |  46.4 |      13 |      13 |  50.0
     Lair:2 |    5379 |       0 |   0.0 |      17 |       0 |   0.0
     Lair:3 |    7997 |    2426 |  23.3 |      30 |       6 |  16.7
     Lair:4 |    6770 |   17252 |  71.8 |      24 |      54 |  69.2
    Swamp:1 |    6109 |       0 |   0.0 |      18 |       0 |   0.0
    Swamp:2 |   16795 |    1316 |   7.3 |      34 |       1 |   2.9
    Swamp:3 |   17731 |   10955 |  38.2 |      27 |       6 |  18.2
    Swamp:4 |    8708 |   14440 |  62.4 |      21 |      23 |  52.3
   Spider:1 |   19430 |       0 |   0.0 |      46 |       0 |   0.0
   Spider:2 |   14765 |    4835 |  24.7 |      42 |       6 |  12.5
   Spider:3 |   25118 |    1356 |   5.1 |      57 |       1 |   1.7
   Spider:4 |   22308 |   17289 |  43.7 |      51 |      29 |  36.2
      Orc:1 |     848 |     876 |  50.8 |       8 |       1 |  11.1
      Orc:2 |    3386 |    8294 |  71.0 |      36 |      22 |  37.9
      Elf:1 |   19766 |    3641 |  15.6 |      31 |       4 |  11.4
      Elf:2 |   19216 |    3311 |  14.7 |      31 |       4 |  11.4
      Elf:3 |   15295 |   34429 |  69.2 |      24 |      30 |  55.6
   Vaults:1 |   26932 |   18344 |  40.5 |      43 |      23 |  34.8
   Vaults:2 |   21943 |   15541 |  41.5 |      28 |      21 |  42.9
   Vaults:3 |   29414 |   34698 |  54.1 |      44 |      40 |  47.6
   Vaults:4 |   37561 |   20123 |  34.9 |      67 |      23 |  25.6
   Vaults:5 |   25776 |   82756 |  76.3 |      42 |      80 |  65.6
    Crypt:1 |   15126 |    8986 |  37.3 |      24 |       5 |  17.2
    Crypt:2 |   27345 |    6351 |  18.8 |      47 |       6 |  11.3
    Crypt:3 |   24668 |   48249 |  66.2 |      30 |      65 |  68.4
   Depths:1 |   22117 |       0 |   0.0 |      27 |       0 |   0.0
   Depths:2 |   36709 |   38818 |  51.4 |      43 |      34 |  44.2
   Depths:3 |   21654 |   40370 |  65.1 |      24 |      34 |  58.6
   Depths:4 |   42112 |   26018 |  38.2 |      48 |      24 |  33.3
      Zot:1 |   20773 |   34535 |  62.4 |      15 |      50 |  76.9
      Zot:2 |   33873 |   46991 |  58.1 |      27 |      33 |  55.0
      Zot:3 |   33048 |       0 |   0.0 |      28 |       0 |   0.0
      Zot:4 |   24608 |   13106 |  34.8 |      19 |       9 |  32.1
      Zot:5 |   34699 |   51507 |  59.7 |      30 |      20 |  40.0
    Abyss:2 |   13172 |       0 |   0.0 |      22 |       0 |   0.0
     Bailey |       0 |     312 | 100.0 |       0 |      24 | 100.0
            +---------+---------+-------+---------+---------+-------
